 Dungeon Sprint DCSS version 0.21-a0-414-gba8bdf1 (webtiles) character file.

1318 Kidiri the Fighter (level 8, -2/92 HPs)
             Began as a Pale Draconian Transmuter on Nov 2, 2017.
             Was a Believer of Wu Jian.
             Slain by Snorg (4 damage)
             ... in the Dungeon (Sprint III: "The Ten Rune Challenge").
             The game lasted 00:07:40 (2049 turns).

Kidiri the Fighter (Pale Draconian Transmuter)      Turns: 2049, Time: 00:07:41

Health: -2/92      AC:  6    Str: 13    XL:     8   Next: 33%
Magic:  11/19      EV: 12    Int: 13    God:    Wu Jian [**....]
Gold:   35         SH:  0    Dex: 12    Spells: 7/22 levels left

rFire    x . .     SeeInvis .     - Unarmed
rCold    + + +     Gourm    .   (shield currently unavailable)
rNeg     . . .     Faith    .   (armour unavailable)
rPois    +         Spirit   .   (helmet currently unavailable)
rElec    .         Reflect  .   (cloak currently unavailable)
rCorr    .         Harm     .   (gloves currently unavailable)
MR       .....     NoTele   +   (boots currently unavailable)
Stlth    +.........             (no amulet)
HPRegen  0.25/turn              (no ring)
MPRegen  0.16/turn              (no ring)

@: ice-form, contaminated, glowing, drained
A: (breathe steam), unfitting armour, clumsy 1, deterioration 1, wild magic 2,
AC +6
a: End Transformation, Renounce Religion


You were in the Dungeon.
You worshipped Wu Jian.
Wu Jian was pleased with you.
You were hungry.
You were a creature of crystalline ice.
You visited 1 branch You collected 35 gold pieces.

Inventory:

Missiles
 a - 12 arrows
Scrolls
 j - a scroll of immolation
 l - 3 scrolls of remove curse
 p - a scroll of holy word
Potions
 d - a potion of curing
 e - a potion of mutation
 f - a potion of haste
 g - 2 potions of magic
 h - 2 potions of berserk rage
 n - a potion of might
 o - 2 potions of invisibility
Comestibles
 q - a royal jelly


   Skills:
 * Level 8.9(8.4) Fighting
 + Level 5.4(4.9) Dodging
 + Level 5.5(5.0) Stealth
 * Level 8.7(8.2) Unarmed Combat
 * Level 7.7(7.2) Spellcasting
 + Level 6.0(5.5) Transmutations
 + Level 4.8(4.3) Ice Magic
 + Level 4.9(4.4) Poison Magic


You had 7 spell levels left.
You knew the following spells:

 Your Spells              Type           Power        Failure   Level  Hunger
a - Beastly Appendage     Tmut           ####..       5%          1    None
b - Sticks to Snakes      Tmut           ####....     7%          2    #......
c - Spider Form           Tmut/Pois      ####......   13%         3    ##.....
d - Ice Form              Ice/Tmut       ####....     34%         4    ####...
e - Blade Hands           Tmut           ####......   56%         5    ######.


Dungeon Overview and Level Annotations

Branches:
Dungeon (1/1)

Altars:
Cheibriados
Dithmenos
Elyvilon
Fedhas
Gozag
Hepliaklqana
Kikubaaqudgha
Makhleb
Nemelex Xobeh
Okawaru
Qazlal
Ru
Sif Muna
Trog
Uskayaw
Vehumet
Wu Jian
Xom
Yredelemnul
Zin
The Shining One
Beogh
Jiyva
Lugonu

Annotations:
D exclusion: door, Snorg


Innate Abilities, Weirdness & Mutations

((You can breathe blasts of scalding, opaque steam.))
((Your pale cyan-grey scales are hard. (AC +6)))
You cannot fit into any form of body armour.
((You are cold-blooded and may be slowed by cold attacks.))
((You have a pair of small antennae on your head.))
((You have large cloven feet.))
You are clumsy. (Dex -2)
Your body sometimes deteriorates upon taking damage.
Your spells are harder to cast, but more powerful.


Message History

Snorg goes berserk!
Unknown command.
You feel better. Snorg misses you. Snorg claws you.
* * * LOW HITPOINT WARNING * * *
Snorg claws you but does no damage.
You attack Snorg from above.
You punch Snorg! You freeze Snorg.
Snorg is lightly wounded.
Snorg is distracted by your jump.
Snorg shouts!
You pummel Snorg!! You freeze Snorg.
Snorg is moderately wounded.
Snorg barely misses you. Snorg claws you!
* * * LOW HITPOINT WARNING * * *
Snorg claws you!
* * * LOW HITPOINT WARNING * * *
Unknown command.
You spin and attack Snorg.
You punch Snorg! You freeze Snorg.
Snorg is moderately wounded.
Snorg barely misses you. Snorg claws you.
You die...

▓▓▓▓▓▓▓▓▓▓▓ ▓▓
▓<.#..+...♣♣♣♣ ♣.
▓..#..#......♣ ♣.
▓#§####......♣ ♣.
▓Y.§..#....≈.♣ ♣♣.
▓§T§..#...≈≈♣♣♣♣..
▓....[#..≈≈≈≈.♣.♣.
▓####'#..≈≈≈≈≈≈♣♣.
▓[....#.≈≈≈≈≈≈....
▓.....#.≈≈≈≈≈.....
▓.....#.≈≈≈.......
▓+#####{..........
▓.................


You could see Snorg (berserk).

Vanquished Creatures
  A deep elf mage (D)
  A shadow (D)
  A spatial vortex (D)
  A necrophage (D)
  A water elemental (D)
  A scorpion (D)
  A jelly (D)
  Jessica (D)
  A wizard (D)
  A necromancer (D)
  A kobold demonologist (D)
  3 humans (D)
  3 rats (D)
17 creatures vanquished.

Vanquished Creatures (others)
  2 draconian scorchers (D)
  A yaktaur (D)
  6 hellions (D)
  A plant (D)
10 creatures vanquished.

Grand Total: 27 creatures vanquished

Notes
Turn   | Place    | Note
-------+----------+-------------------------------------------
     0 | D        | Kidiri the Draconian Transmuter began the quest for the Orb.
     0 | D        | Reached XP level 1. HP: 16/16 MP: 3/3
    24 | D        | Noticed Jessica
    42 | D        | Killed Jessica
    42 | D        | Reached skill level 1 in Stealth
    42 | D        | Reached XP level 2. HP: 8/26 MP: 3/6
    52 | D        | Learned a level 2 spell: Sticks to Snakes
    87 | D        | Killed a yaktaur
    94 | D        | Killed a hellion
   109 | D        | Killed a hellion
   118 | D        | Killed a hellion
   119 | D        | Killed a hellion
   119 | D        | Killed a hellion
   120 | D        | Killed a hellion
   157 | D        | Killed a white draconian scorcher
   169 | D        | Killed a white draconian scorcher
   272 | D        | Noticed a scorpion
   290 | D        | Killed a scorpion
   290 | D        | Reached XP level 3. HP: 18/33 MP: 6/8
   290 | D        | Reached XP level 4. HP: 22/40 MP: 6/9
   297 | D        | Learned a level 3 spell: Spider Form
   302 | D        | Learned a level 4 spell: Ice Form
   314 | D        | Gained mutation: Your body sometimes deteriorates upon taking damage. [potion of mutation]
   314 | D        | Gained mutation: Your spells are a little harder to cast, but a little more powerful. [potion of mutation]
   314 | D        | Gained mutation: Your tail ends in a poisonous barb. [potion of mutation]
   315 | D        | Lost mutation: Your tail ends in a poisonous barb. [potion of mutation]
   315 | D        | Lost mutation: Your body sometimes deteriorates upon taking damage. [potion of mutation]
   315 | D        | Gained mutation: You have large cloven feet. [potion of mutation]
   315 | D        | Gained mutation: You have a pair of small antennae on your head. [potion of mutation]
   315 | D        | Gained mutation: Your spells are harder to cast, but more powerful. [potion of mutation]
   482 | D        | Reached skill level 5 in Unarmed Combat
   883 | D        | Noticed a water elemental
   891 | D        | Killed a water elemental
   891 | D        | Reached skill level 5 in Fighting
   891 | D        | Reached skill level 1 in Ice Magic
   891 | D        | Reached skill level 1 in Poison Magic
   891 | D        | Reached XP level 5. HP: 20/48 MP: 7/11
  1122 | D        | Found an ornate altar of the Wu Jian Council.
  1122 | D        | Found a roughly hewn altar of Beogh.
  1122 | D        | Found an iron altar of Okawaru.
  1122 | D        | Found a bloodstained altar of Trog.
  1122 | D        | Found a hide-covered altar of Uskayaw.
  1122 | D        | Noticed a human
  1122 | D        | Noticed a human
  1135 | D        | Killed a human
  1135 | D        | Reached skill level 5 in Spellcasting
  1135 | D        | Reached XP level 6. HP: 39/57 MP: 7/14
  1140 | D        | Killed a human
  1151 | D        | Became a worshipper of the Wu Jian Council
  1158 | D        | Learned a level 5 spell: Blade Hands
  1264 | D        | Found a radiant altar of Vehumet.
  1265 | D        | Found a deep blue altar of Sif Muna.
  1265 | D        | Found an ancient bone altar of Kikubaaqudgha.
  1340 | D        | Found a glowing silver altar of Zin.
  1341 | D        | Found a glowing golden altar of the Shining One.
  1341 | D        | Found a white marble altar of Elyvilon.
  1341 | D        | Noticed a deep elf mage
  1351 | D        | Killed a deep elf mage
  1351 | D        | Reached * piety under Wu Jian
  1351 | D        | Reached skill level 5 in Dodging
  1351 | D        | Reached skill level 5 in Stealth
  1351 | D        | Reached skill level 5 in Transmutations
  1351 | D        | Your scales start taking on a pale cyan-grey colour.
  1351 | D        | Reached XP level 7. HP: 64/68 MP: 13/17
  1415 | D        | Found a basalt altar of Yredelemnul.
  1415 | D        | Found a shadowy altar of Dithmenos.
  1415 | D        | Found a sacrificial altar of Ru.
  1422 | D        | Reached XP level 8. HP: 67/74 MP: 12/18
  1622 | D        | Reached ** piety under Wu Jian
  1758 | D        | Found a blossoming altar of Fedhas.
  1758 | D        | Found a stormy altar of Qazlal.
  1758 | D        | Found a snail-covered altar of Cheibriados.
  1758 | D        | Found a burning altar of Makhleb.
  1758 | D        | Found a shimmering altar of Xom.
  1760 | D        | Found a hazy altar of Hepliaklqana.
  1760 | D        | Found an opulent altar of Gozag.
  1760 | D        | Found a sparkling altar of Nemelex Xobeh.
  1760 | D        | Found a corrupted altar of Lugonu.
  1760 | D        | Found a viscous altar of Jiyva.
  1967 | D        | Gained mutation: You are clumsy. (Dex -2) [mutagenic glow]
  1971 | D        | Noticed Snorg
  2021 | D        | Gained mutation: Your body sometimes deteriorates upon taking damage. [mutagenic glow]
  2048 | D        | HP: 2/92 [Snorg (12)]
  2049 | D        | Slain by Snorg

Vault maps used:
D:        dungeon_sprint_mu

Skill      XL: |  1  2  3  4  5  6  7  8 |
---------------+-------------------------+-----
Fighting       | 3 4 5 6 8 |  8.9
Dodging        | 2 3 5 |  5.4
Stealth        | 1 2 3 5 |  5.5
Unarmed Combat | 4 5 6 8 |  8.7
Spellcasting   | 3 4 5 7 |  7.7
Transmutations | 3 4 5 6 |  6.0
Ice Magic      | 1 2 4 |  4.8
Poison Magic   | 1 2 4 |  4.9

Action                   |  1- 3 |  4- 6 |  7- 9 || total
-------------------------+-------+-------+-------++-------
Melee: Unarmed           |    27 |    34 |    18 ||    79
       Tailslap          |     5 |       |     2 ||     7
       Kick              |     3 |       |     4 ||     7
       Headbutt          |     3 |       |       ||     3
       Punch             |       |       |     2 ||     2
 Cast: Beastly Appendage |     5 |       |       ||     5
       Spider Form       |       |     5 |       ||     5
       Ice Form          |       |     1 |     1 ||     2
       Blade Hands       |       |       |     3 ||     3
 Abil: Breathe Steam     |       |       |     1 ||     1
  Use: Potion            |     1 |     2 |     2 ||     5
       Scroll            |       |     4 |     1 ||     5
 Stab: Sleeping          |       |     4 |     2 ||     6
  Eat: Bread ration      |       |     1 |       ||     1
       Fruit             |       |     1 |       ||     1
       Royal jelly       |       |       |     1 ||     1
Armor: Skin              |     5 |     2 |     6 ||    13
Dodge: Dodged            |    28 |    25 |     7 ||    60

Table legend:
 A = Spawn XP
 B = Non-spawn XP
 C = Spawn XP percentage of total XP
 D = Spawn monster count
 E = Non-spawn monster count
 F = Spawn count percentage of total count
 G = Total turns spent on level
                    A         B        C        D         E        F      G
               +---------+---------+-------+---------+---------+-------+---------
         Total |       0 |    1884 |   0.0 |       0 |      17 |   0.0 |  2049
               +---------+---------+-------+---------+---------+-------+---------
             D |       0 |    1884 |   0.0 |       0 |      17 |   0.0 |  2049
               +---------+---------+-------+---------+---------+-------+---------
